 Dungeon Crawl Stone Soup version 0.27.0-66-gdc8fb28755 (webtiles) character file.

Game seed: 2381627685258854927

3123 freelancePsychic the Fighter (level 9, -11/70 HPs)
             Began as a Demonspawn Brigand on Aug 20, 2021.
             Was a Believer of Hepliaklqana.
             Mangled by Harold (12 damage)
             ... on level 8 of the Dungeon.
             The game lasted 00:15:16 (10132 turns).

freelancePsychic the Fighter (Demonspawn Brigand)  Turns: 10132, Time: 00:15:17

Health: -11/70     AC: 10    Str: 15    XL:     9   Next: 60%
Magic:  9/9        EV:  9    Int: 12    God:    Hepliaklqana [**....]
Gold:   334        SH:  5    Dex: 15    Spells: 8/8 levels left

rFire    . . .     SeeInvis .   a - +2 dagger
rCold    . . .     Faith    .   p - +0 buckler
rNeg     . . .     Spirit   .   u - +0 scale mail
rPois    +         Reflect  .   (helmet restricted)
rElec    .         Harm     .   c - +0 cloak
rCorr    .         Rampage  .   (no gloves)
Will     .....                  (no boots)
Stlth    +.........             h - amulet of the acrobat
HPRegen  0.21/turn              f - ring of poison resistance
MPRegen  0.11/turn              (no ring)

@: marked
A: reduced essence, antennae 1, thin metallic scales 1, foul stench 3, spiny 1
a: Renounce Religion, Recall Ancestor, Ancestor Identity


You were on level 8 of the Dungeon.
You worshipped Hepliaklqana.
Hepliaklqana was pleased with you.
You visited 1 branch of the dungeon, and saw 8 of its levels.

You collected 334 gold pieces.

Inventory:

Hand Weapons
 a - a +2 dagger (weapon)
Missiles
 d - 23 poisoned darts
 e - a curare-tipped dart (quivered)
Armour
 c - a +0 cloak (worn)
 o - a +0 leather armour
 p - a +0 buckler (worn)
 q - a +0 ring mail
 u - a +0 scale mail (worn)
Jewellery
 f - a ring of poison resistance (left hand)
 h - an amulet of the acrobat (around neck)
Wands
 s - a wand of flame (17)
 v - a wand of paralysis (12)
Scrolls
 g - a scroll of vulnerability
 i - a scroll of immolation
 k - 4 scrolls of teleportation {@r4}
 l - a scroll of enchant armour
 w - a scroll of fear
 x - a scroll of noise {unknown}
Potions
 b - a potion of lignification {unknown}
 j - a potion of attraction {unknown}
 m - a potion of resistance {unknown}
 n - a potion of might {unknown}
 r - a potion of curing {unknown}


   Skills:
 - Level 10.3 Fighting
 + Level 4.5 Short Blades
 - Level 2.3 Throwing
 + Level 4.8 Armour
 - Level 0.8 Dodging
 - Level 4.1 Stealth
 - Level 4.0 Shields


You had 8 spell levels left.
You didn't know any spells.
Your spell library contained the following spells:

 Spells                   Type           Power      Damage    Failure   Level
 Freeze                   Ice            0%         1d3       75%         1
 Slow                     Hex            0%         N/A       87%         2
 Confusing Touch          Hex            0%         N/A       98%         3
 Frozen Ramparts          Ice            0%         1d2       98%         3
 Vampiric Draining        Necr           0%         2d6       98%         3
 Hailstorm                Conj/Ice       0%         3d3       100%        4


Dungeon Overview and Level Annotations

Branches:
Dungeon (8/15)             Temple (0/1) D:4
   Lair: D:8-11

Altars:
Ashenzari
Cheibriados
Gozag
Hepliaklqana

Shops:
D:6 *

Annotations:
D:8 Harold


Innate Abilities, Weirdness & Mutations

Your life essence is reduced to manifest your ancestor. (-10% HP)
You have a pair of small antennae on your head.
You are partially covered in thin metallic scales. (AC +2)
You frequently emit foul miasma when damaged in melee.
You are partially covered in sharp spines.


Message History

Things that are here:
a +0 whip; a +0 leather armour; a +0 club
There is a stone staircase leading up here.
There is a stone staircase leading down here.
You climb downwards.
You hear the roar of battle.
There is an entrance to a bailey on this level.
Hurry and find it before the portal closes forever!
Harold the Weathered comes into view.
He is wielding a +2 glaive of flaming.
Harold shouts!
Found a stone staircase leading down.
There is a stone staircase leading up here.
You throw a poisoned dart. Impa avoids your attack.
The poisoned dart completely misses Harold.
You throw a curare-tipped dart.
The curare-tipped dart barely misses Harold.
Harold throws a throwing net.
The throwing net hits you.
You become entangled in the net!
You cannot throw anything while held in a net.
You struggle against the net.
Impa hits Harold with a +0 dagger of draining.
You struggle against the net.
Impa gestures at Harold while chanting.
Harold resists with almost no effort.
You struggle against the net.
Harold hits you from afar with a +2 glaive of flaming!!
Harold burns you.
You shred the net and break free!
Harold hits you from afar with a +2 glaive of flaming!!
Harold burns you.
Impa barely misses Harold.
Harold points at you and mumbles some strange words.
A sentinel's mark forms upon you.
Impa hits Harold but does no damage.
Harold hits you from afar with a +2 glaive of flaming!!
* * * LOW HITPOINT WARNING * * *
Harold burns you.
* * * LOW HITPOINT WARNING * * *
Impa hits Harold with a +0 dagger of draining.
There is a stone staircase leading up, spattered with blood here.
Harold hits you from afar with a +2 glaive of flaming!
You die...

..........(... .
............. ..
...........
...##........###
.......>.......
#....@R......
#............
#....@# +....##
#....# ####..
#.# ###


You could see the friendly Impa the hexer and Harold (ally target).

Vanquished Creatures
  A wyvern (D:4)
  A hornet zombie (D:7)
  3 ice beasts
  An orc warrior (D:6)
  3 black bears (D:6)
  A centaur (D:6)
  An ogre (D:7)
  2 phantoms
  2 gnoll sergeants (D:6)
  4 wights
  5 killer bees (D:7)
  A howler monkey (D:7)
  A jelly (D:2)
  2 hounds
  A centaur zombie (D:5)
  5 orc priests
  2 centaur skeletons
  3 iguanas
  3 orc wizards
  5 gnolls (D:6)
  5 adders
  A white imp (D:6)
  An ufetubus (D:4)
  2 worms
  5 dart slugs
  17 orcs
  11 endoplasms
  5 giant cockroaches
  9 goblins
  6 hobgoblins
  5 jackals
  4 quokkas
  10 ball pythons
  6 bats
  3 frilled lizards (D:2)
  18 kobolds
  3 rats
158 creatures vanquished.

Vanquished Creatures (collateral kills)
  Grinder (D:5)
  A hornet (D:7)
  A kobold brigand (D:6)
  2 bullfrogs (D:6)
  A water moccasin skeleton (D:6)
  3 gnolls (D:6)
  An adder (D:5)
  A white imp (D:6)
  3 orcs
14 creatures vanquished.

Vanquished Creatures (others)
  3 ancestors (D:6)
  A fungus (D:2)
  10 toadstools (D:2)
14 creatures vanquished.

Grand Total: 186 creatures vanquished

Notes
Turn   | Place    | Note
-------+----------+-------------------------------------------
     0 | D:1      | freelancePsychic the Demonspawn Brigand began the quest for
                  | the Orb.
     0 | D:1      | Reached XP level 1. HP: 16/16 MP: 1/1
   298 | D:1      | Gained mutation: You may rarely emit foul miasma when
                  | damaged in melee. [demonic ancestry]
   298 | D:1      | Reached XP level 2. HP: 21/22 MP: 2/2
   642 | D:1      | Found a faded altar of an unknown god.
   941 | D:1      | Gained mutation: You sometimes emit foul miasma when
                  | damaged in melee. [demonic ancestry]
   941 | D:1      | Reached XP level 3. HP: 28/28 MP: 3/3
  1560 | D:2      | Reached skill level 3 in Fighting
  1560 | D:2      | Gained mutation: You are partially covered in thin metallic
                  | scales. (AC +2) [demonic ancestry]
  1560 | D:2      | Reached XP level 4. HP: 8/35 MP: 4/4
  3319 | D:3      | Found a hazy altar of Hepliaklqana.
  3341 | D:3      | Reached skill level 4 in Fighting
  3341 | D:3      | Gained mutation: You frequently emit foul miasma when
                  | damaged in melee. [demonic ancestry]
  3341 | D:3      | Reached XP level 5. HP: 36/42 MP: 5/5
  3377 | D:3      | Became a worshipper of Hepliaklqana the Forgotten
  4209 | D:3      | Reached skill level 5 in Fighting
  4349 | D:4      | Gained mutation: You have a pair of small antennae on your
                  | head. [demonic ancestry]
  4349 | D:4      | Reached XP level 6. HP: 21/51 MP: 6/6
  4736 | D:4      | Found a staircase to the Ecumenical Temple.
  4743 | D:4      | Noticed a wyvern
  4751 | D:4      | Killed a wyvern
  4752 | D:4      | Reached skill level 6 in Fighting
  5210 | D:5      | Entered Level 5 of the Dungeon
  5221 | D:5      | Reached XP level 7. HP: 50/59 MP: 7/7
  5634 | D:5      | Reached skill level 7 in Fighting
  5690 | D:5      | Noticed Grinder
  6090 | D:5      | Reached * piety under Hepliaklqana
  6170 | D:5      | Paralysed by Grinder for 5 turns
  6181 | D:5      | Paralysed by Grinder for 2 turns
  6194 | D:5      | Killed Grinder
  6456 | D:5      | Reached skill level 8 in Fighting
  6593 | D:6      | Gained mutation: You are partially covered in sharp spines.
                  | [demonic ancestry]
  6593 | D:6      | Reached XP level 8. HP: 48/61 MP: 8/8
  6853 | D:6      | Found a snail-covered altar of Cheibriados.
  6884 | D:6      | Found a broken altar of Ashenzari.
  7421 | D:6      | Reached skill level 9 in Fighting
  7672 | D:6      | Found Gozag's Platinum Reserve.
  7672 | D:6      | Found an opulent altar of Gozag.
  7738 | D:6      | HP: 2/58 [wight (4)]
  7910 | D:5      | Reached skill level 1 in Armour
  8276 | D:6      | Reached XP level 9. HP: 38/70 MP: 9/9
  8356 | D:6      | Reached skill level 10 in Fighting
  9320 | D:7      | Reached ** piety under Hepliaklqana
  9321 | D:7      | Remembered your ancestor Impa as a hexer
 10123 | D:8      | Noticed Harold
 10131 | D:8      | HP: 1/70 [Harold (3)]
 10132 | D:8      | Mangled by Harold

Illustrated notes

Levels and vault maps discovered:
D:1:      kilobyte_arrival_exit_the_forest, layout_basic,
          ebering_ecumenical_altar_webs
D:2:      cheibrodos_fertilizer, layout_basic, kennysheep_small_spiral
D:3:      layout_loops_ring, nicolae_hepliaklqana_hazy_memory,
          minmay_crystal_room, hangedman_decor_riveting,
          minmay_tree_intersection
D:4:      layout_rooms, minmay_temple_entry_junction_2,
          minmay_misc_feat_diagonals, minmay_cupped
D:5:      layout_basic, columned_hall_lemuel, uniq_grinder
D:6:      layout_cave_pools, nicolae_gozag_zags_fifth_avenue,
          mainiacjoe_overflow_two_lobes, nrook_mini_backslash, lightli_minifort
D:7:      layout_loops_ring, serial_park_tiny_pond
D:8:      layout_basic, mainiacjoe_overflow_24_doors, enter_bailey_2,
          uniq_harold

Skill      XL: |  1  2  3  4  5  6  7  8  9 |
---------------+----------------------------+-----
Short Blades   | 2 4 |  4.5
Stealth        | 4 |  4.1
Fighting       | 3 4 5 6 8 9 10 | 10.3
Throwing       | 2 |  2.3
Shields        | 2 4 |  4.0
Armour         | 2 4 |  4.8
Dodging        | |  0.8

Action                   |  1- 3 |  4- 6 |  7- 9 || total
-------------------------+-------+-------+-------++-------
Melee: Dagger            |   123 |   234 |   348 ||   705
Throw: Dart              |     4 |     4 |     9 ||    17
Invok: Recall Ancestor   |       |       |     1 ||     1
       Ancestor Identity |       |       |     1 ||     1
       Ancestor Life: He |       |       |     1 ||     1
  Use: Scroll            |       |     6 |     4 ||    10
       Potion            |       |     1 |     1 ||     2
 Stab: Sleeping          |    14 |     5 |     2 ||    21
       Distracted        |       |       |     4 ||     4
       Confused          |       |       |     5 ||     5
Armor: Robe              |    15 |    29 |       ||    44
       Leather armour    |       |    21 |    20 ||    41
       Ring mail         |       |       |    68 ||    68
       Scale mail        |       |       |     7 ||     7
Dodge: Dodged            |    63 |   111 |   166 ||   340
Block: Buckler           |       |     8 |    69 ||    77
